 Dungeon Sprint DCSS version bcrawl-1.12-10-g10a67aac0f (webtiles) character file.

Game seed: 13269075607971723323

125 Groucho the Covert (level 4, -2/21 HPs)
             Began as a Spriggan Enchanter on June 16, 2019.
             Killed by nerve-wracking pain
             ... invoked by Menkaure
              (9 damage)
             ... in the Dungeon (Sprint II: "The Violet Keep of Menkaure").
             The game lasted 00:00:53 (82 turns).

Groucho the Covert (Spriggan Enchanter)               Turns: 82, Time: 00:00:53

Health: -2/21      AC:  2    Str:  4    XL:     4   Next: 82%
Magic:  13/13      EV: 18    Int: 16    God:
Gold:   0          SH:  0    Dex: 17    Spells: 14/15 levels left

rFire    . . .     SeeInvis +   a - +1 dagger
rCold    . . .     Gourm    .   (shield restricted)
rNeg     . . .     Faith    .   b - +0 robe
rPois    .         Spirit   .   (helmet restricted)
rElec    .         Reflect  .   (no cloak)
rCorr    .         Harm     .   (gloves unavailable)
MR       .....     NoTele   +   (boots unavailable)
Stlth    +++++.....             (no amulet)
HPRegen  0.07/turn              (no ring)
MPRegen  0.13/turn              (no ring)

@: mesmerised, very quick
A: very small, unfitting armour, see invisible, herbivore, speed 3, slow
metabolism 2
a: no special abilities


You were in the Dungeon.
You were not hungry.

You visited 1 branch

Inventory:

Hand Weapons
 a - a +1 dagger (weapon)
Armour
 b - a +0 robe (worn)
Scrolls
 d - a scroll of fog
 k - a scroll of blinking
Potions
 e - a potion of curing
 g - a potion of heal wounds
 h - a potion of haste
 i - 2 potions of magic
Comestibles
 f - a ration {!d}


   Skills:
 - Level 1.2 Short Blades
 - Level 3.0 Dodging
 * Level 11.4 Stealth
 + Level 6.3 Spellcasting
 + Level 6.8 Hexes


You had 14 spell levels left.
You knew the following spells:

 Your Spells              Type           Power        Failure   Level  Hunger
a - Corona                Hex            ####...      1%          1    None

Your spell library contained the following spells:

 Spells                   Type           Power        Failure   Level  Hunger
 Confuse                  Hex            ####....     2%          3    ##.....
 Tukima's Dance           Hex            ####....     2%          3    ##.....
 Ensorcelled Hibernation  Hex/Ice        ###...       4%          2    None
 Dazzling Spray           Conj/Hex       ###...       10%         3    ##.....


Dungeon Overview and Level Annotations

Branches:
Dungeon (1/1)

Altars:

Annotations:
D Menkaure


Innate Abilities, Weirdness & Mutations

You are very small and have problems with some larger weapons.
You are too small for most types of armour.
You have supernaturally acute eyesight. (SInv)
You are a herbivore.
You cover ground extremely quickly.
You need to consume almost no food.


Message History

You are too injured to fight recklessly!
You hit Menkaure but do no damage.
The merfolk siren chants its luring song.
Menkaure gestures wildly while chanting.
Menkaure seems to speed up.
You barely miss Menkaure.
The merfolk siren chants its luring song.
Menkaure closely misses you.
You hit Menkaure but do no damage.
The merfolk siren chants its luring song.
Menkaure calls on the powers of darkness!
Your body is wracked with pain!
The merfolk siren convulses!
You barely miss Menkaure.
The merfolk siren chants its luring song.
Menkaure closely misses you.
You hit Menkaure.
Menkaure is lightly damaged.
Menkaure casts a spell at you. Pain shoots through your body!
You die... ## .## ##.. # #ww

#H #+#
#.##.###
#+.@.'#
#.##M##.#
#H #m#
#.# # ...
## ..#..
##. .##
## ##


You could see a merfolk siren and Menkaure.

Vanquished Creatures
  A neqoxec (D)
1 creature vanquished.

Vanquished Creatures (others)
  A neqoxec (D)
  2 crocodiles (D)
3 creatures vanquished.

Grand Total: 4 creatures vanquished

Notes
Turn   | Place    | Note
-------+----------+-------------------------------------------
     0 | D        | Groucho the Spriggan Enchanter began the quest for the Orb.
     0 | D        | Reached XP level 1. HP: 9/9 MP: 5/5
     1 | D        | Noticed a hippogriff
     1 | D        | Noticed a hippogriff
     9 | D        | Noticed a neqoxec
    23 | D        | Killed a neqoxec
    23 | D        | Reached skill level 11 in Stealth
    23 | D        | Reached XP level 2. HP: 6/13 MP: 6/10
    23 | D        | Reached XP level 3. HP: 8/16 MP: 6/11
    23 | D        | Reached XP level 4. HP: 11/21 MP: 7/13
    38 | D        | Killed a neqoxec
    39 | D        | Killed a crocodile
    67 | D        | Killed a crocodile
    72 | D        | Noticed Menkaure
    72 | D        | Noticed a merfolk siren
    82 | D        | Killed from afar by Menkaure

Skill      XL: |  1 |
---------------+----+-----
Stealth        | 11 | 11.4
Spellcasting   | 6 |  6.3
Hexes          | 6 |  6.8
Short Blades   | |  1.2
Dodging        | |  3.0

Action                   |  1- 3 |  4- 6 || total
-------------------------+-------+-------++-------
Melee: Dagger            |    10 |     5 ||    15
  Use: Potion            |     1 |       ||     1
Armor: Robe              |     1 |       ||     1
Dodge: Dodged            |     3 |     2 ||     5
